 Dungeon Crawl Stone Soup version 0.30-a0-3-gc9032a9cac (webtiles) character file.

Game seed: 11934136713576275451

93 BritishOli the Trooper (level 4, -1/37 HPs)
             Began as a Demonspawn Fighter on Aug 20, 2022.
             Slain by a hobgoblin (4 damage)
             ... on level 2 of the Dungeon.
             The game lasted 00:01:16 (1987 turns).

BritishOli the Trooper (Demonspawn Fighter)         Turns: 1987, Time: 00:01:16

Health: -1/37      AC:  2    Str: 18    XL:     4   Next: 36%
Magic:  4/4        EV: 10    Int: 10    God:
Gold:   56         SH:  4    Dex: 12    Spells: 3/3 levels left

rFire   . . .      SeeInvis .    a - +0 long sword
rCold   . . .      Faith    .    c - +0 buckler
rNeg    . . .      Spirit   .    (no body armour)
rPois   .          Reflect  .    (no helmet)
rElec   .          Harm     .    (no cloak)
rCorr   .          Rampage  .    (no gloves)
Will    .....                    (no boots)
Stlth   +.........               (no amulet)
HPRegen 0.12/turn                (no ring)
MPRegen 0.09/turn                (no ring)

@: no status effects
A: slimy green scales 1, demonic magic 1, weakness stinger 1
a: no special abilities


You were on level 2 of the Dungeon.
You visited 1 branch of the dungeon, and saw 2 of its levels.

You collected 56 gold pieces.

Inventory:

Hand Weapons
 a - a +0 long sword (weapon)
Missiles
 m - a throwing net (quivered)
 s - 4 silver boomerangs
Armour
 b - a +0 scale mail
 c - a +0 buckler (worn)
Jewellery
 e - a ring of willpower
 n - a +4 ring of protection
 q - an amulet of faith
Scrolls
 h - a scroll of identify {unknown}
 i - a scroll of enchant weapon {unknown}
 k - a scroll of torment {unknown}
 l - 2 scrolls of teleportation {unknown}
 o - a scroll of magic mapping {unknown}
 t - a scroll of blinking {unknown}
Potions
 d - 2 potions of might
 f - a potion of degeneration {unknown}
 g - a potion of haste {unknown}
 j - a potion of heal wounds {unknown}
 p - a potion of ambrosia {unknown}
 r - a potion of curing {unknown}


   Skills:
 + Level 3.7 Fighting
 + Level 2.5 Long Blades
 + Level 3.3 Armour
 + Level 3.3 Shields


You had 3 spell levels left.
You didn't know any spells.
Your spell library contained the following spells:

 Spells                   Type           Power      Damage    Failure   Level
 Ozocubu's Armour         Ice            0%         N/A       83%         3
 Ozocubu's Refrigeration  Ice            0%         4d7       100%        7


Dungeon Overview and Level Annotations

Branches:
Dungeon (2/15)

Altars:

Shops:
D:1 =


Innate Abilities, Weirdness & Mutations

You are partially covered in slimy green scales. (AC +2)
Spells you cast may paralyse adjacent enemies.
You have a small tail.


Message History

You have reached level 4!
You feel clever.
Your demonic ancestry asserts itself...
A menacing aura infuses your magic.
A hobgoblin comes into view.
Found a stone staircase leading down.
The hobgoblin shouts!
Things that are here:
a +0 dagger; a +0 robe; the human corpse of Jessica A hobgoblin is nearby!
Okay, then.
The hobgoblin hits you.
Keep disrobing?
You start removing your armour.
You continue taking off your +0 scale mail.
You block the hobgoblin's attack.
You continue taking off your +0 scale mail.
You block the hobgoblin's attack.
You continue taking off your +0 scale mail.
The hobgoblin completely misses you.
You continue taking off your +0 scale mail.
The hobgoblin barely misses you.
You finish taking off your +0 scale mail.
The hobgoblin hits you.
The hobgoblin hits you but does no damage.
You block the hobgoblin's attack.
The hobgoblin hits you but does no damage.
You block the hobgoblin's attack. The hobgoblin hits you.
The hobgoblin barely misses you. The hobgoblin hits you.
* * * LOW HITPOINT WARNING * * *
The hobgoblin hits you.
* * * LOW HITPOINT WARNING * * *
The hobgoblin hits you but does no damage.
The hobgoblin barely misses you. The hobgoblin closely misses you.
The hobgoblin hits you.
* * * LOW HITPOINT WARNING * * *
The hobgoblin hits you.
You die...

#..........#
#..###.....#
#..###.....##.
#.............
#..#..########
> #....## #.#
#...#######
#...#
#.........#...#
#.#######@g...#
# #. ###...# .
.. ...# # ##
..# ..# ##


You could see a hobgoblin.

Vanquished Creatures
  Jessica (D:2)
  An adder (D:2)
  2 worms (D:2)
  A dart slug (D:2)
  3 bats
  3 endoplasms (D:1)
  5 giant cockroaches
  7 hobgoblins
  3 jackals (D:2)
  A quokka (D:1)
  4 ball pythons
  2 frilled lizards
  7 goblins
  3 kobolds (D:1)
  2 rats (D:1)
45 creatures vanquished.

Vanquished Creatures (others)
  2 plants (D:1)
2 creatures vanquished.

Grand Total: 47 creatures vanquished

Notes
Turn   | Place    | Note
-------+----------+-------------------------------------------
     0 | D:1      | BritishOli the Demonspawn Fighter began the quest for the
                  | Orb.
     0 | D:1      | Reached XP level 1. HP: 18/18 MP: 1/1
   216 | D:1      | Found Doffoj's Jewellery Shop.
   357 | D:1      | Gained mutation: You have a small tail. [demonic ancestry]
   357 | D:1      | Reached XP level 2. HP: 17/24 MP: 2/2
   962 | D:1      | Gained mutation: You are partially covered in slimy green
                  | scales. (AC +2) [demonic ancestry]
   962 | D:1      | Reached XP level 3. HP: 29/29 MP: 3/3
  1707 | D:2      | Found a faded altar of an unknown god.
  1955 | D:2      | Noticed Jessica
  1963 | D:2      | Killed Jessica
  1964 | D:2      | Gained mutation: Spells you cast may paralyse adjacent
                  | enemies. [demonic ancestry]
  1964 | D:2      | Reached XP level 4. HP: 15/37 MP: 4/4
  1987 | D:2      | Slain by a hobgoblin

Illustrated notes

Levels and vault maps discovered:
D:1:      evilmike_arrival_hilbert_curve, layout_rooms, serial_forest,
          infiniplex_forest_straight_2, infiniplex_forest_end_3,
          infiniplex_forest_clump_large, infiniplex_forest_clump_curved,
          infiniplex_forest_clump_large, infiniplex_forest_join,
          infiniplex_forest_lined_3_way, serial_shops, nicolae_shop_stone,
          minmay_misc_feat_secret_circle
D:2:      minmay_chambers_of_ones, layout_rooms,
          shapermc_ecumenical_altar_notcrosses, kennysheep_small_spiral,
          grunt_decor_arrowhead, grunt_decor_junction, bh_walls_and_bars,
          uniq_jessica, uniq_crazy_yiuf_cottage

Skill      XL: |  1  2 |
---------------+-------+-----
Long Blades    | 2 |  2.5
Armour         | 3 |  3.3
Shields        | 3 |  3.3
Fighting       | |  3.7

Action                   |  1- 3 |  4- 6 || total
-------------------------+-------+-------++-------
Melee: Long sword        |   134 |       ||   134
       Tailslap          |    12 |       ||    12
Armor: Scale mail        |    75 |       ||    75
       Skin              |       |     3 ||     3
Dodge: Dodged            |    55 |     5 ||    60
Block: Buckler           |    33 |     4 ||    37

Table legend: (Time is in decaauts)
 A = Elapsed time spent in this place.
 B = Non-inter-level travel time spent in this place.
 C = Inter-level travel time spent in this place.
 D = Time resting spent in this place.
 E = Time spent auto-exploring this place.
 F = Levels seen in this place.
 G = Mean time per level.
                   A        B        C        D        E       F      G
               +--------+--------+--------+--------+--------+-----+--------+
         Total |   2031 |   2022 |      9 |      0 |   1668 |   2 | 1015.5 |
       Dungeon |   2031 |   2022 |      9 |      0 |   1668 |   2 | 1015.5 |
               +--------+--------+--------+--------+--------+-----+--------+

Top non-repeatable levels by time:
     D:1: 1281 daAuts
     D:2: 749 daAuts
